 Dungeon Crawl Stone Soup version 0.21-a0-476-gd103f4b (webtiles) character file.

83 Gwenloh the Ruffian (level 4, -1/36 HPs)
             Began as a Draconian Transmuter on Nov 22, 2017.
             Slain by Sigmund
             ... wielding a +0 scythe
              (6 damage)
             ... on level 3 of the Dungeon.
             The game lasted 00:06:30 (1963 turns).

Gwenloh the Ruffian (Draconian Transmuter)          Turns: 1963, Time: 00:06:30

Health: -1/36      AC:  5    Str: 13    XL:     4   Next: 22%
Magic:  7/7        EV: 12    Int: 14    God:
Gold:   123        SH:  0    Dex: 11    Spells: 7/8 levels left

rFire    . . .     SeeInvis .     - Unarmed
rCold    . . .     Gourm    .   (no shield)
rNeg     . . .     Faith    .   (armour unavailable)
rPois    .         Spirit   .   (helmet restricted)
rElec    .         Reflect  .   (no cloak)
rCorr    .         Harm     .   (no gloves)
MR       .....                  (boots currently unavailable)
Stlth    +.........             (no amulet)
HPRegen  0.12/turn              (no ring)
MPRegen  0.10/turn              (no ring)

@: appendage (expiring)
A: unfitting armour, talons 3, cold-blooded, AC +5
a: End Transformation


You were on level 3 of the Dungeon.
You were not hungry.
You had grown temporary talons.
You visited 1 branch of the dungeon, and saw 3 of its levels.

You collected 123 gold pieces.

Inventory:

Missiles
 a - 31 arrows
 m - 7 tomahawks (quivered)
Jewellery
 d - an uncursed ring of protection from cold {unknown}
 e - an uncursed amulet of the gourmand {unknown}
 q - an uncursed ring of flight {unknown}
Scrolls
 j - a scroll of enchant weapon {unknown}
 k - a scroll of random uselessness {unknown}
 l - a scroll of teleportation {unknown}
 p - a scroll of remove curse {unknown}
Potions
 f - 2 potions of curing {unknown}
 g - a potion of lignification {unknown}
 o - a potion of haste {unknown}
 r - a potion of cancellation {unknown}
Books
 b - a book of Changes

   Spells                             Type                      Level
   a - Beastly Appendage              Transmutation                1
   b - Sticks to Snakes               Transmutation                2
   c - Spider Form                    Transmutation/Poison         3
   d - Ice Form                       Ice/Transmutation            4
   e - Blade Hands                    Transmutation                5
Comestibles
 c - a bread ration
 h - 2 royal jellies
 i - 5 chunks of flesh
 n - 4 fruits


   Skills:
 + Level 2.2 Fighting
 + Level 2.4 Dodging
 + Level 3.4 Unarmed Combat
 + Level 2.5 Spellcasting
 + Level 2.7 Transmutations


You had 7 spell levels left.
You knew the following spells:

 Your Spells              Type           Power        Failure   Level  Hunger
a - Beastly Appendage     Tmut           #.....       8%          1    #......


Dungeon Overview and Level Annotations

Branches:
Dungeon (3/15)

Altars:

Annotations:
D:3 Sigmund


Innate Abilities, Weirdness & Mutations

Your plain brown scales are hard. (AC +5)
You cannot fit into any form of body armour.
You are cold-blooded and may be slowed by cold attacks.
You have claws for feet.


Message History

You kill the giant cockroach!
Something hits you.
You hit the quokka. Your kick misses the quokka. You tail-slap the quokka.
You kill the quokka!
A goblin comes into view. It is wielding a club.
The goblin shouts!
Something hits you but does no damage.
There is an open door, spattered with blood here.
You see here a quokka corpse.
You hit something but do no damage. Your kick misses something.
You miss something. You claw something.
Your transformation is almost over.
Something hits you!
* * * LOW HITPOINT WARNING * * *
You barely miss something. You claw something.
Your tail-slap misses something.
Something hits you but does no damage.
Some of the chunks of flesh in your inventory have rotted away.
You miss something. You claw something. You hit something but do no damage.
Something hits you.
You die...

#. .# #. #. .##.. #.
#.. ..#.. #. +..
..'. #. #..###..#
##. #.......# ####..
#....{g.# ...... #
###@# #.# #..
#.##.#.# #.# #.
#......# #.# ##
####.### #.# # #.#
#.# ## #.########.#
##.
#.......##.#######..
#######.##..........
#.............


You could see a goblin.

Vanquished Creatures
  Jessica (D:3)
  An ooze (D:2)
  A worm (D:2)
  A dart slug (D:2)
  2 leopard geckos
  2 giant cockroaches
  5 goblins
  6 hobgoblins
  4 jackals (D:1)
  2 quokkas
  A ball python (D:1)
  3 bats
  6 frilled lizards
  5 kobolds
  5 rats (D:1)
45 creatures vanquished.

Notes
Turn   | Place    | Note
-------+----------+-------------------------------------------
     0 | D:1      | Gwenloh the Draconian Transmuter began the quest for the Orb.
     0 | D:1      | Reached XP level 1. HP: 16/16 MP: 3/3
   112 | D:1      | Reached XP level 2. HP: 10/23 MP: 5/5
   960 | D:1      | Reached XP level 3. HP: 29/29 MP: 6/6
  1886 | D:3      | Noticed Jessica
  1903 | D:3      | Killed Jessica
  1903 | D:3      | Reached XP level 4. HP: 33/36 MP: 7/7
  1947 | D:3      | Noticed Sigmund
  1963 | D:3      | Slain by Sigmund

Vault maps used:
D:1:      lightli_arrival_noodles, minmay_misc_feat_more_columns
D:3:      kennysheep_six_static_rooms, kennysheep_generic_room_11, uniq_jessica,
          uniq_sigmund, uniq_crazy_yiuf_cottage

Skill      XL: |  1  2  3 |
---------------+----------+-----
Dodging        | 2 |  2.4
Fighting       | 2 |  2.2
Unarmed Combat | |  3.4
Spellcasting   | |  2.5
Transmutations | |  2.7

Action                   |  1- 3 |  4- 6 || total
-------------------------+-------+-------++-------
Melee: Unarmed           |   129 |    15 ||   144
       Tailslap          |    13 |     1 ||    14
       Kick              |     3 |     4 ||     7
       Punch             |     2 |       ||     2
 Cast: Beastly Appendage |     3 |     1 ||     4
 Stab: Sleeping          |     1 |       ||     1
  Eat: Chunk             |     3 |       ||     3
Armor: Skin              |    21 |     7 ||    28
Dodge: Dodged            |    60 |    10 ||    70

Table legend:
 A = Spawn XP
 B = Non-spawn XP
 C = Spawn XP percentage of total XP
 D = Spawn monster count
 E = Non-spawn monster count
 F = Spawn count percentage of total count
 G = Total turns spent on level
                    A         B        C        D         E        F      G
               +---------+---------+-------+---------+---------+-------+---------
         Total |       0 |     119 |   0.0 |       0 |      45 |   0.0 |  1963
               +---------+---------+-------+---------+---------+-------+---------
           D:1 |       0 |      45 |   0.0 |       0 |      28 |   0.0 |  1204
           D:2 |       0 |      26 |   0.0 |       0 |      10 |   0.0 |   669
           D:3 |       0 |      48 |   0.0 |       0 |       7 |   0.0 |    90
               +---------+---------+-------+---------+---------+-------+---------
